Map: Snowy Mesa

Players

Amix - Winner!

  • Race: Zerg Zerg
  • League: Platinum
  • Spawn Location: 12:00

JimmyRaynor - Winner!

  • Race: Protoss Protoss
  • Spawn Location: 12:00

A.I. 2 (Elite)

  • Race: Protoss Protoss
  • Spawn Location: 6:00

A.I. 3 (Elite)

  • Race: Terran Terran
  • Spawn Location: 6:00

VOD

Have the link to the VOD?

Description

Time

  • Played on: Nov. 29, 2016, 11:04 a.m.
  • Length: 13:07
Show
View Real Time Build Order
Export as new Build Order

Amix Zerg - Winner!

Build Orders: Hatch First, Zergling Baneling 

Get SALT Encoding   

  12  0:01  Drone  
  13  0:09  Drone  
  14  0:17  Overlord  
  14  0:23  Extractor  
  14  0:24  Drone  
  15  0:35  Drone  
  16  0:37  Drone  
  17  0:46  Drone  
  18  1:02  Hatchery  
  17  1:05  Drone  
  17  1:08  Extractor  
  17  1:17  Spawning Pool  
  16  1:18  Drone  
  16  1:22  Drone  
  18  1:27  Drone  
  19  1:44  Drone  
  20  1:50  Drone  
  21  2:00  Drone  
  22  2:14  Queen  
  24  2:18  Metabolic Boost  
  24  2:24  Drone  
  24  2:25  Drone x3  
  28  2:35  Evolution Chamber  
  28  2:36  Drone  
  28  2:45  Baneling Nest  
  28  2:46  Drone  
  28  2:47  Overlord  
  28  2:48  Overlord  
  28  3:04  Zerg Melee Weapons Level 1  
  28  3:05  Queen x2  
  30  3:09  Drone x2, Extractor  
  30  3:10  Drone  
  34  3:16  Drone  
  34  3:17  Drone  
  34  3:19  Drone  
  37  3:25  Zergling x6  
  40  3:34  Zergling x4  
  42  3:41  Queen  
  44  3:56  Overlord x3  
  44  3:59  Baneling x2  
  44  4:00  Baneling x6  
  44  4:10  Overlord  
  44  4:14  Queen  
  44  4:25  Zergling x6  
  44  4:26  Zergling x8  
  44  4:31  Zergling x4  
  53  4:39  Drone x5  
  58  4:47  Lair  
  58  4:50  Drone x2  
  60  5:04  Zerg Ground Armor Level 1  
  60  5:06  Zergling x4  
  62  5:15  Pneumatized Carapace  
  62  5:19  Drone x4  
  62  5:20  Drone x3  
  69  5:38  Baneling x7  
  69  5:39  Baneling  
  69  5:49  Extractor  
  68  5:50  Extractor  
  67  5:57  Overlord  
  67  5:58  Overlord x4  
  67  6:07  Hatchery  
  67  6:08  Zergling x6  
  67  6:09  Zergling x14  
  76  6:22  Drone x2  
  78  6:39  Evolution Chamber  
  77  6:53  Hatchery  
  76  6:55  Zergling x8  
  76  6:56  Zergling x12  
  85  7:25  Drone, Infestation Pit  
  85  7:26  Drone x8  
  85  7:27  Drone x2  
  95  7:32  Baneling x5  
  95  7:33  Baneling x9  
  95  7:34  Baneling x5  
  95  7:36  Zerg Melee Weapons Level 2  
  95  7:39  Zerg Ground Armor Level 2  
  95  7:42  Zergling x8  
  99  8:06  Centrifical Hooks  
  99  8:13  Extractor  
  99  8:14  Extractor  
  86  8:32  Zergling x2  
  86  8:33  Zergling x18  
  86  8:34  Zergling x16  
  99  8:40  Hive  
  104  8:47  Drone x2, Spire  
  105  8:50  Drone  
  105  8:51  Drone x5, Spire  
  109  8:58  Drone x4  
  113  9:05  Zergling x4  
  113  9:07  Overlord x2  
  115  9:27  Extractor x2  
  113  9:35  Overlord x3  
  113  9:36  Overlord x7  
  113  9:40  Overseer x2  
  113  9:41  Overseer x3  
  113  9:43  Overlord x4  
  113  10:00  Ultralisk Cavern  
  113  10:01  Zerg Melee Weapons Level 3  
  113  10:04  Zerg Ground Armor Level 3  
  112  10:08  Zerg Flyer Weapons Level 1, Zerg Flyer Armor Level 1  
  112  10:21  Mutalisk x4  
  120  10:30  Mutalisk x2  
  124  10:56  Mutalisk x5  
  132  11:02  Chitinous Plating  
  134  11:38  Mutalisk x2  
  134  11:39  Mutalisk x6  
  150  11:58  Mutalisk x2  
  150  11:59  Mutalisk x2  
  158  12:01  Extractor  
  157  12:26  Drone  
Show
View Real Time Build Order
Export as new Build Order

JimmyRaynor Protoss - Winner!

Build Orders: 1 Gate Expand, Oracle Opening, Carrier Rush 

Get SALT Encoding   

  12  0:01  Probe (Chrono Boost)  
  13  0:13  Probe (Chrono Boost)  
  14  0:19  Pylon  
  14  0:23  Probe (Chrono Boost)  
  15  0:37  Probe (Chrono Boost)  
  15  0:40  Gateway  
  16  0:47  Probe (Chrono Boost)  
  17  1:11  Nexus  
  17  1:16  Probe (Chrono Boost)  
  18  1:19  Assimilator  
  18  1:26  Probe (Chrono Boost)  
  18  1:32  Cybernetics Core  
  19  1:37  Probe (Chrono Boost)  
  20  1:43  Assimilator  
  20  1:48  Probe (Chrono Boost)  
  20  1:53  Pylon  
  21  1:58  Probe (Chrono Boost)  
  22  2:09  Probe (Chrono Boost)  
  22  2:11  Pylon  
  22  2:14  Forge  
  23  2:17  Assimilator  
  23  2:25  Probe (Chrono Boost)  
  24  2:33  Stargate  
  24  2:36  Probe (Chrono Boost)  
  26  2:44  Probe (Chrono Boost)  
  26  2:46  Probe (Chrono Boost)  
  27  2:55  Probe (Chrono Boost)  
  27  2:57  Probe (Chrono Boost)  
  29  2:58  Photon Cannon  
  29  3:05  Probe (Chrono Boost)  
  30  3:09  Photon Cannon  
  30  3:11  Probe (Chrono Boost)  
  31  3:19  Oracle  
  31  3:22  Probe (Chrono Boost)  
  31  3:26  Probe (Chrono Boost)  
  36  3:32  Probe (Chrono Boost)  
  37  3:36  Probe (Chrono Boost), Photon Cannon  
  37  3:40  Assimilator  
  38  3:43  Probe (Chrono Boost)  
  39  3:54  Fleet Beacon  
  39  4:15  Protoss Air Weapons Level 1  
  39  4:25  Photon Cannon  
  39  4:29  Photon Cannon  
  39  4:32  Probe (Chrono Boost)  
  39  4:37  Carrier (Chrono Boost)  
  46  4:39  Graviton Catapult  
  46  4:42  Probe (Chrono Boost)  
  47  4:48  Protoss Shields Level 1  
  47  4:53  Probe (Chrono Boost)  
  48  5:03  Probe (Chrono Boost)  
  50  5:14  Probe (Chrono Boost)  
  50  5:25  Probe (Chrono Boost)  
  51  5:35  Probe (Chrono Boost)  
  52  5:59  Probe (Chrono Boost)  
  53  6:09  Protoss Air Weapons Level 2  
  53  6:12  Pylon  
  53  6:14  Pylon  
  53  6:16  Pylon  
  53  6:18  Pylon  
  53  6:31  Carrier (Chrono Boost)  
  59  6:40  Stargate  
  59  6:46  Robotics Facility  
  59  6:50  Pylon  
  59  6:53  Pylon  
  59  6:58  Pylon  
  59  7:01  Pylon  
  65  7:35  Observer  
  65  7:36  Carrier (Chrono Boost)  
  66  7:41  Twilight Council  
  66  7:46  Carrier (Chrono Boost)  
  72  8:10  Protoss Air Armor Level 1  
  78  9:00  Carrier (Chrono Boost)  
  78  9:02  Carrier (Chrono Boost)  
Show
View Real Time Build Order
Export as new Build Order

A.I. 2 (Elite) Protoss 

Build Orders: Zealot Archon 

Get SALT Encoding   

  12  0:01  Probe (Chrono Boost)  
  13  0:11  Probe (Chrono Boost)  
  14  0:20  Pylon  
  14  0:22  Probe (Chrono Boost)  
  15  0:38  Probe (Chrono Boost)  
  16  0:46  Assimilator  
  16  0:48  Probe (Chrono Boost)  
  16  0:49  Gateway  
  17  0:59  Probe (Chrono Boost), Pylon  
  18  1:09  Probe (Chrono Boost)  
  19  1:20  Probe (Chrono Boost)  
  20  1:31  Probe (Chrono Boost)  
  21  1:36  Zealot  
  21  1:37  Gateway  
  21  1:39  Cybernetics Core  
  23  1:42  Probe (Chrono Boost)  
  24  1:49  Pylon  
  24  1:53  Probe (Chrono Boost)  
  25  2:02  Zealot  
  25  2:05  Probe (Chrono Boost)  
  28  2:12  Warp Gate, Assimilator  
  29  2:16  Probe (Chrono Boost)  
  29  2:23  Adept  
  29  2:28  Probe (Chrono Boost), Adept  
  34  2:40  Probe (Chrono Boost)  
  34  2:41  Pylon  
  35  2:48  Adept  
  38  2:51  Probe (Chrono Boost)  
  38  2:58  Sentry  
  38  3:03  Probe (Chrono Boost)  
  41  3:14  Probe (Chrono Boost)  
  42  3:23  Nexus  
  42  3:25  Stalker  
  42  3:26  Probe (Chrono Boost)  
  45  3:38  Forge  
  46  3:56  Probe (Chrono Boost)  
  46  4:07  Robotics Facility  
  46  4:09  Probe (Chrono Boost)  
  47  4:12  Pylon  
  47  4:15  Photon Cannon  
  47  4:17  Photon Cannon  
  47  4:20  Probe (Chrono Boost)  
  47  4:29  Adept  
  50  4:31  Probe (Chrono Boost)  
  50  4:35  Probe (Chrono Boost), Adept  
  53  4:42  Probe (Chrono Boost)  
  54  4:47  Probe (Chrono Boost)  
  55  4:53  Probe (Chrono Boost)  
  55  4:55  Immortal  
  55  4:58  Probe (Chrono Boost)  
  61  5:02  Stalker  
  61  5:04  Probe (Chrono Boost)  
  64  5:08  Pylon  
  64  5:09  Probe (Chrono Boost)  
  63  5:15  Probe (Chrono Boost)  
  63  5:20  Probe (Chrono Boost)  
  58  5:27  Probe (Chrono Boost)  
  59  5:28  Twilight Council  
  59  5:31  Probe (Chrono Boost)  
  60  5:38  Probe (Chrono Boost)  
  60  5:42  Stalker, Probe (Chrono Boost)  
  64  5:49  Probe (Chrono Boost)  
  65  5:53  Probe (Chrono Boost)  
  65  5:55  Stalker  
  68  5:59  Pylon  
  68  6:00  Probe (Chrono Boost)  
  70  6:04  Probe (Chrono Boost)  
  70  6:06  Gateway  
  70  6:09  Stalker  
  70  6:11  Probe (Chrono Boost)  
  73  6:12  Templar Archives  
  73  6:15  Probe (Chrono Boost)  
  73  6:17  Stalker  
  76  6:23  Probe (Chrono Boost)  
  77  6:26  Probe (Chrono Boost)  
  77  6:27  Pylon  
  77  6:31  Stalker  
  80  6:34  Probe (Chrono Boost)  
  80  6:39  Stalker  
  83  6:46  Assimilator  
  83  6:49  Pylon  
  83  6:52  Sentry  
  85  6:54  Assimilator  
  85  6:59  High Templar  
  85  7:00  Forge  
  85  7:01  Zealot  
  89  7:03  Protoss Ground Weapons Level 1  
  89  7:08  Observer  
  89  7:15  Pylon  
  90  7:17  Probe (Chrono Boost)  
  90  7:18  Probe (Chrono Boost)  
  90  7:20  High Templar  
  94  7:26  Protoss Ground Armor Level 1, Pylon  
  94  7:27  Nexus  
  94  7:28  Probe (Chrono Boost)  
  95  7:37  Archon  
  95  7:42  High Templar  
  97  7:48  Photon Cannon  
  97  7:51  Pylon  
  97  7:57  High Templar  
  99  8:00  Gateway  
  99  8:01  Stalker  
  99  8:04  Archon  
  101  8:13  Photon Cannon  
  101  8:15  Photon Cannon  
  101  8:16  High Templar  
  103  8:22  Zealot  
  105  8:27  Zealot  
  105  8:30  Pylon  
  107  8:36  Immortal  
  114  8:42  Probe x2 (Chrono Boost), High Templar  
  114  8:43  Probe (Chrono Boost)  
  114  8:46  Zealot  
  114  8:47  Zealot  
  120  8:50  Archon  
  120  8:54  Zealot, Probe (Chrono Boost)  
  123  8:58  Probe (Chrono Boost)  
  122  9:02  Probe (Chrono Boost)  
  122  9:05  Zealot  
  122  9:06  Probe (Chrono Boost), High Templar  
  122  9:09  Probe (Chrono Boost)  
  120  9:12  Immortal  
  120  9:13  Zealot, Assimilator  
  120  9:14  Zealot, Probe (Chrono Boost)  
  120  9:16  Pylon  
  124  9:18  Probe (Chrono Boost)  
  124  9:21  Probe (Chrono Boost)  
  117  9:25  Stalker  
  117  9:26  Probe (Chrono Boost)  
  117  9:29  Probe (Chrono Boost)  
  111  9:31  High Templar  
  111  9:32  Probe (Chrono Boost)  
  111  9:33  Stalker  
  111  9:36  Stalker  
  111  9:38  Probe (Chrono Boost)  
  109  9:41  Probe (Chrono Boost)  
  109  9:44  Probe (Chrono Boost)  
  109  9:47  Stalker  
  109  9:49  Probe (Chrono Boost)  
  109  9:52  Probe (Chrono Boost)  
  108  9:55  Zealot, Probe (Chrono Boost)  
  108  9:57  Adept  
  105  10:02  Adept  
  96  10:08  Zealot, Probe x2 (Chrono Boost)  
  96  10:10  Probe (Chrono Boost)  
  96  10:13  Sentry  
  101  10:16  Zealot  
  101  10:19  Probe (Chrono Boost)  
  101  10:21  Zealot  
  98  10:25  Probe (Chrono Boost)  
  98  10:27  Stalker  
  88  10:31  Probe x2 (Chrono Boost)  
  88  10:35  Zealot, High Templar  
  82  10:37  Assimilator  
  82  10:40  Stalker  
  84  10:43  Probe x2 (Chrono Boost)  
  84  10:49  Sentry  
  86  10:52  Immortal  
  86  10:53  Stalker  
  92  11:01  Probe (Chrono Boost)  
  92  11:02  Stalker, Probe x2 (Chrono Boost)  
  81  11:05  Zealot  
  81  11:11  Stalker  
  64  11:13  Probe (Chrono Boost)  
  64  11:14  Probe (Chrono Boost)  
  64  11:15  High Templar  
  54  11:24  Zealot, Sentry  
  54  11:25  Probe x2 (Chrono Boost)  
  47  11:32  High Templar  
  44  11:37  Probe (Chrono Boost)  
  45  11:42  Stalker  
  45  11:46  High Templar  
  30  11:55  Zealot  
  30  12:03  Probe x2 (Chrono Boost), Adept  
  30  12:07  High Templar  
  29  12:14  Probe (Chrono Boost)  
  29  12:17  Archon  
  29  12:22  Zealot  
  28  12:30  High Templar  
  13  12:52  Zealot  
  13  12:53  High Templar x2  
  13  12:54  Probe (Chrono Boost)  
Show
View Real Time Build Order
Export as new Build Order

A.I. 3 (Elite) Terran 

Build Orders: MMM Bio 

Get SALT Encoding   

  12  0:01  SCV  
  13  0:13  SCV  
  14  0:19  Supply Depot  
  14  0:25  SCV  
  15  0:29  Refinery  
  15  0:40  SCV  
  16  0:48  Barracks  
  16  0:52  SCV  
  17  1:04  SCV  
  18  1:17  SCV  
  19  1:37  Marine, Supply Depot, Orbital Command  
  19  1:38  Factory  
  20  1:51  Barracks  
  20  1:55  Marine  
  21  2:02  SCV  
  21  2:06  Refinery  
  22  2:13  Marine  
  22  2:14  SCV  
  24  2:21  Supply Depot  
  24  2:22  Factory Tech Lab  
  24  2:26  SCV  
  25  2:31  Marine  
  26  2:38  Marine  
  26  2:41  Siege Tank  
  30  2:45  SCV  
  30  2:49  Marine  
  32  2:56  Marine  
  33  2:58  SCV  
  33  2:59  Supply Depot  
  34  3:06  Marine  
  35  3:14  Marine, Siege Tank  
  39  3:20  SCV  
  39  3:24  Marine  
  41  3:29  Supply Depot  
  41  3:31  Marine  
  42  3:42  Engineering Bay  
  42  3:46  Siege Tank  
  45  3:54  SCV  
  46  4:01  Barracks Tech Lab  
  46  4:04  Barracks Tech Lab  
  46  4:06  SCV  
  47  4:11  Missile Turret  
  47  4:14  Missile Turret  
  47  4:15  Supply Depot  
  47  4:18  SCV  
  47  4:21  Marauder  
  49  4:27  Marauder  
  49  4:30  SCV  
  52  4:42  SCV  
  52  4:43  Marauder  
  55  4:48  Marauder  
  55  4:51  Supply Depot  
  57  5:02  Stimpack, Terran Infantry Weapons Level 1  
  57  5:04  Marauder  
  59  5:09  Marine  
  59  5:12  Combat Shields  
  60  5:25  Marauder  
  62  5:28  Command Center  
  62  5:37  Marauder  
  63  5:47  Marauder  
  63  5:48  Supply Depot  
  65  6:08  Marine  
  65  6:09  Marine  
  65  6:11  Engineering Bay  
  67  6:14  Barracks  
  67  6:22  Starport  
  67  6:26  Marauder  
  67  6:31  Concussive Shells  
  69  6:34  Command Center  
  69  6:50  Supply Depot  
  69  6:53  Terran Infantry Armor Level 1  
  69  6:58  Marauder  
  69  7:00  Marine  
  69  7:01  Medivac  
  74  7:07  Barracks Reactor  
  73  7:17  Marine  
  73  7:19  Marauder  
  76  7:22  Supply Depot  
  75  7:31  Medivac  
  75  7:36  Marauder  
  79  7:39  Barracks  
  79  7:48  Marine  
  80  7:52  Marine  
  80  7:55  Marine  
  82  8:00  Marine  
  82  8:01  Starport Reactor  
  83  8:09  Supply Depot  
  83  8:15  SCV x2  
  85  8:25  Marine  
  50  8:27  SCV  
  50  8:28  Marine  
  50  8:33  Marine  
  48  8:37  Medivac  
  48  8:38  Marine  
  51  8:44  Marauder  
  51  8:45  SCV  
  54  8:49  SCV  
  54  8:51  Marine  
  54  8:54  Marine  
  54  8:57  Marine  
  54  9:00  SCV  
  56  9:03  SCV  
  57  9:11  Marauder  
  57  9:12  SCV  
  57  9:13  Marine  
  60  9:20  Marine  
  60  9:23  Marine  
  62  9:31  Marauder  
  64  9:32  Marauder  
  66  9:49  Marine x2  
  66  9:50  Marine  
  66  9:52  Marauder  
  71  9:53  Marine  
  71  9:57  Command Center  
  72  10:07  Marine x2  
  72  10:10  Marine  
  72  10:12  Marauder  
  72  10:14  Marauder  
  79  10:25  Marine  
  80  10:29  Hellion  
  80  10:33  Marauder, Marine  
  80  10:35  Marauder  
  86  10:41  Marine  
  85  10:43  Marine  
  72  10:50  Hellion  
  72  10:51  Marine  
  72  10:54  Marauder  
  72  10:56  Marine  
  78  10:59  Marine  
  78  11:01  Marine  
  80  11:09  Marine  
  80  11:10  SCV  
  82  11:11  Hellion  
  82  11:13  SCV  
  82  11:14  Marine, SCV  
  82  11:15  Marine  
  88  11:19  Marine  
  88  11:22  SCV  
  88  11:25  SCV  
  91  11:26  SCV  
  91  11:32  Marauder  
  94  11:33  Hellion  
  94  11:34  Marauder, SCV  
  94  11:38  SCV  
  92  11:46  SCV  
  93  11:53  Marauder  
  96  11:54  Hellion  
Tags
 
Add a new tag
Caveats
  • Supply blocks, unpowered buildings, or Contaminate may cause inaccurate times.
  • Supply counts are checked every 10 seconds.